 Dungeon Crawl Stone Soup version 0.30-a0-702-gdf48620a09 (webtiles) character file.

Game seed: 7878796868117337697

509 ASSMAN the Slasher (level 6, -4/48 HPs)
             Began as an Armataur Fighter on Jan 21, 2023.
             Was a Priest of Hepliaklqana.
             Slain by an iguana (9 damage)
             ... on level 5 of the Dungeon.
             The game lasted 00:05:23 (3452 turns).

ASSMAN the Slasher (Armataur Fighter)               Turns: 3452, Time: 00:05:24

Health: -4/48      AC:  9    Str: 24    XL:     6   Next: 98%
Magic:  6/6        EV:  8    Int:  8    God:    Hepliaklqana [***...]
Gold:   157        SH:  4    Dex:  9    Spells: 5/5 levels left

rFire   . . .      SeeInvis .    a - +0 long sword
rCold   . . .      Faith    .    c - +0 buckler
rNeg    . . .      Spirit   .    b - +0 scale mail
rPois   .          Reflect  .    p - +0 helmet
rElec   .          Harm     .    d - +0 cloak
rCorr   .          Roll     +    (no gloves)
Will    .....                    (no barding) Stlth
                                 (no amulet)
HPRegen 0.28/turn                k - +4 ring of slaying
MPRegen 0.10/turn                q - +4 ring of slaying

@: no status effects
A: reduced essence, large, rugged brown scales 3, deformed body, armoured tail,
roll, long tongue, awkward tongue
a: Renounce Religion, Recall Ancestor, Ancestor Identity, Transference


You were on level 5 of the Dungeon.
You worshipped Hepliaklqana.
Hepliaklqana was most pleased with you.
You visited 1 branch of the dungeon, and saw 5 of its levels.

You collected 157 gold pieces.

Inventory:

Hand Weapons
 a - a +0 long sword (weapon)
Armour
 b - a +0 scale mail (worn)
 c - a +0 buckler (worn)
 d - a +0 cloak (worn)
 p - a +0 helmet (worn)
Jewellery
 k - a +4 ring of slaying (left hand)
 q - a +4 ring of slaying (right hand)
Scrolls
 e - 2 scrolls of fog {unknown}
 g - a scroll of magic mapping {unknown}
 i - a scroll of immolation {unknown}
 j - 4 scrolls of identify {unknown}
 l - 2 scrolls of amnesia {unknown}
 m - 2 scrolls of brand weapon {unknown}
 o - a scroll of poison {unknown}
 r - a scroll of noise {unknown}
 t - a scroll of enchant armour {unknown}
 u - a scroll of vulnerability {unknown}
 w - a scroll of enchant weapon {unknown}
 y - a scroll of teleportation {unknown}
Potions
 f - a potion of degeneration {unknown}
 h - 4 potions of haste {unknown}
 n - a potion of heal wounds {unknown}
 s - 2 potions of curing
 v - 3 potions of resistance
 x - a potion of invisibility {unknown}


   Skills:
 - Level 2.6 Fighting
 + Level 6.3 Long Blades
 - Level 3.6 Armour
 - Level 1.8 Dodging
 - Level 1.1 Stealth
 - Level 3.2 Shields


You had 5 spell levels left.
You didn't know any spells.
Your spell library contained the following spells:

 Spells                   Type           Power      Damage    Failure   Level
 Foxfire                  Conj/Fire      0%         2x1d4     78%         1
 Inner Flame              Hex/Fire       0%         N/A       98%         3
 Cause Fear               Hex            0%         N/A       100%        4
 Fireball                 Conj/Fire      0%         3d3       100%        5
 Starburst                Conj/Fire      0%         6d3       100%        6
 Discord                  Hex            0%         N/A       100%        8


Dungeon Overview and Level Annotations

Branches:
Dungeon (5/15)
 Temple: D:4-7

Altars:
Hepliaklqana
Kikubaaqudgha
Makhleb
The Shining One


Innate Abilities, Weirdness & Mutations

Your life essence is reduced to manifest your ancestor. (-10% HP)
You are completely covered in rugged brown scales. (AC +3, +7% HP)
Armour fits poorly on your strangely shaped body.
You have a long armoured tail.
You roll when moving toward enemies. (Rampage)
Your long tongue fully drains potion bottles. (2x potion effects)
Your tongue gives you trouble enunciating. (1.5x scroll delay)


Message History

The iguana bites you but does no damage.
You block the hound's attack.
SON OF ASSMAN hits the orc with a +0 dagger of draining.
SON OF ASSMAN drains the orc.
The orc dies!
You closely miss the hound.
The hound is almost dead.
The hound bites you but does no damage.
Grinder barely misses the iguana.
The iguana bites you! You block the iguana's attack.
The orc wizard casts a spell at you.
The puff of flame hits SON OF ASSMAN.
SON OF ASSMAN resists.
The hound bites you but does no damage.
You hit the hound.
You kill the hound!
Grinder seems less confused.
The iguana bites you. x2
The orc wizard points at you and mumbles some strange words.
The puff of flame hits SON OF ASSMAN.
SON OF ASSMAN resists.
You are too injured to fight recklessly!
You hit Grinder.
Grinder is severely wounded.
Grinder hits you. The iguana barely misses you. You block the iguana's attack.
The orc hits you but does no damage.
SON OF ASSMAN hits the orc wizard with a +0 dagger of draining!
You hit Grinder. You tail-slap Grinder.
You kill Grinder!
The iguana bites you!
* * * LOW HITPOINT WARNING * * *
You block the iguana's attack. The orc hits you but does no damage.
The orc wizard gestures at you while chanting.
The magic dart hits SON OF ASSMAN.
SON OF ASSMAN hits the orc wizard with a +0 dagger of draining.
SON OF ASSMAN closely misses the orc wizard.
The orc wizard hits SON OF ASSMAN with a +0 dagger.
The orc hits you with a +0 whip.
* * * LOW HITPOINT WARNING * * *
The iguana bites you but does no damage.
The iguana bites you!
You die...

#>.####.#
#.......#
#####...# #...#
#...## ##...##
.## #..?.#....
######..l....##
......o@.!.....
...oR...l.#..$.
..........####.
...........#
.............
..........#.##
..........#..
########### ..


You could see the friendly SON OF ASSMAN the hexer, 2 iguanas, an orc wizard
(distracted, ally target) and an orc.

Vanquished Creatures
  Grinder (D:5)
  A water moccasin (D:4)
  A black bear (D:4)
  2 orc priests (D:4)
  Crazy Yiuf (D:4)
  2 hounds
  Jessica (D:3)
  7 adders
  A dart slug (D:1)
  5 orcs
  5 bats
  6 endoplasms
  4 giant cockroaches
  3 goblins
  7 hobgoblins
  3 jackals (D:1)
  5 quokkas
  6 ball pythons
  A frilled lizard (D:1)
  4 kobolds
  5 rats
71 creatures vanquished.

Vanquished Creatures (collateral kills)
  2 orcs
  An endoplasm (D:3)
  A kobold (D:2)
  2 quokkas
6 creatures vanquished.

Vanquished Creatures (others)
  An ancestor (D:4)
1 creature vanquished.

Grand Total: 78 creatures vanquished

Notes
Turn   | Place    | Note
-------+----------+-------------------------------------------
     0 | D:1      | ASSMAN the Armataur Fighter began the quest for the Orb.
     0 | D:1      | Reached XP level 1. HP: 19/19 MP: 1/1
    18 | D:1      | Reached skill level 2 in Long Blades
   179 | D:1      | Reached XP level 2. HP: 19/26 MP: 2/2
   416 | D:1      | Found a faded altar of an unknown god.
   422 | D:1      | Prayed at the altar of an unknown god.
   422 | D:1      | Became a worshipper of Hepliaklqana the Forgotten
   422 | D:1      | Reached * piety under Hepliaklqana
   862 | D:2      | Reached skill level 3 in Long Blades
   893 | D:2      | Reached XP level 3. HP: 24/29 MP: 3/3
  1221 | D:2      | Reached ** piety under Hepliaklqana
  1524 | D:2      | Reached skill level 1 in Dodging
  1808 | D:3      | Reached XP level 4. HP: 35/35 MP: 4/4
  2007 | D:3      | Noticed Jessica
  2010 | D:3      | Killed Jessica
  2011 | D:3      | Reached skill level 4 in Long Blades
  2028 | D:3      | Found an ancient bone altar of Kikubaaqudgha.
  2101 | D:3      | Found a glowing golden altar of the Shining One.
  2130 | D:3      | Found a burning altar of Makhleb.
  2317 | D:4      | Reached XP level 5. HP: 38/40 MP: 5/5
  2402 | D:4      | Noticed a black bear
  2408 | D:4      | Killed a black bear
  2409 | D:4      | Reached skill level 5 in Long Blades
  2409 | D:4      | Reached skill level 1 in Stealth
  2409 | D:4      | Reached XP level 6. HP: 34/48 MP: 6/6
  2601 | D:4      | Noticed a water moccasin
  2605 | D:4      | Killed a water moccasin
  2827 | D:4      | Found a runed translucent door.
  2828 | D:4      | Noticed Crazy Yiuf
  2938 | D:4      | Reached skill level 6 in Long Blades
  3010 | D:4      | Killed Crazy Yiuf
  3130 | D:4      | Reached *** piety under Hepliaklqana
  3435 | D:5      | Entered Level 5 of the Dungeon
  3436 | D:5      | Remembered your ancestor SON OF ASSMAN as a hexer
  3441 | D:5      | Noticed Grinder
  3452 | D:5      | Killed Grinder
  3452 | D:5      | Slain by an iguana

Illustrated notes

Levels and vault maps discovered:
D:1:      dpeg_arrival_prison, layout_loops_cross,
          shapermc_ecumenical_altar_venn
D:2:      layout_loops_corners
D:3:      layout_rooms, nicolae_overflow_squiral,
          nicolae_overflow_crystal_walls, uniq_jessica
D:4:      layout_loops_ring, uniq_crazy_yiuf_cottage
D:5:      layout_basic, zin_statuary, lemuel_temple_firewalk_b, uniq_duvessa,
          uniq_grinder

Skill      XL: |  1  2  3  4  5  6 |
---------------+-------------------+-----
Long Blades    | 2 3 4 5 6 |  6.3
Dodging        | 1 |  1.8
Stealth        | 1 |  1.1
Fighting       | |  2.6
Armour         | |  3.6
Shields        | |  3.2

Action                   |  1- 3 |  4- 6 || total
-------------------------+-------+-------++-------
Melee: Long sword        |   107 |    77 ||   184
       Tailslap          |     4 |    10 ||    14
Invok: Ancestor Life: He |       |     1 ||     1
       Ancestor Identity |       |     1 ||     1
  Use: Potion            |       |     1 ||     1
Armor: Scale mail        |    65 |    34 ||    99
Dodge: Dodged            |    46 |    19 ||    65
Block: Buckler           |    22 |    22 ||    44

Table legend: (Time is in decaauts)
 A = Elapsed time spent in this place.
 B = Non-inter-level travel time spent in this place.
 C = Inter-level travel time spent in this place.
 D = Time resting spent in this place.
 E = Time spent auto-exploring this place.
 F = Levels seen in this place.
 G = Mean time per level.
                   A        B        C        D        E       F      G
               +--------+--------+--------+--------+--------+-----+--------+
         Total |   3495 |   3330 |    165 |      0 |   2857 |   5 |  699.0 |
       Dungeon |   3495 |   3330 |    165 |      0 |   2857 |   5 |  699.0 |
               +--------+--------+--------+--------+--------+-----+--------+

Top non-repeatable levels by time:
     D:4: 1189 daAuts
     D:2: 1040 daAuts
     D:1: 793 daAuts
     D:3: 453 daAuts
     D:5: 17 daAuts
